 Dungeon Crawl Stone Soup version 0.29.0-4-gdea44cf6ec (webtiles) character file.

Game seed: 6242272918030561121

46 qw the Chopper (level 3, 0/21 HPs)
             Began as a Tengu Warper on Aug 28, 2022.
             Slain by a goblin
             ... wielding a +1 dagger of freezing
             ... led by Robin
              (1 damage)
             ... on level 2 of the Dungeon.
             The game lasted 00:00:07 (1117 turns).

qw the Chopper (Tengu Warper)                       Turns: 1117, Time: 00:00:08

Health: 0/21       AC:  6    Str: 13    XL:     3   Next: 66%
Magic:  7/7        EV:  9    Int: 13    God:
Gold:   49         SH:  7    Dex: 13    Spells: 6/6 levels left

rFire   . . .      SeeInvis .   Y - +1 hand axe
rCold   . . .      Faith    .   m - +0 kite shield
rNeg    . . .      Spirit   .   h - +0 ring mail
rPois   .          Reflect  .   (helmet restricted)
rElec   .          Harm     .   (no cloak)
rCorr   .          Rampage  .   j - +0 pair of gloves
Will    .....                   (boots unavailable)
Stlth   +.........              (no amulet)
HPRegen 0.07/turn               (no ring)
MPRegen 0.10/turn               (no ring)

@: no status effects
A: beak, talons 3
a: no special abilities


You were on level 2 of the Dungeon.
You visited 1 branch of the dungeon, and saw 2 of its levels.

You collected 49 gold pieces.


Innate Abilities, Weirdness & Mutations

You have a beak for a mouth.
You have claws for feet.


   Skills:
 - Level 2.0 Fighting
 - Level 3.8 Axes
 - Level 1.0 Throwing
 - Level 1.1 Armour
 - Level 2.1 Dodging
 + Level 1.4 Shields
 - Level 2.0 Spellcasting
 - Level 2.4 Translocations


You had 6 spell levels left.
You didn't know any spells.
Your spell library contained the following spells:

 Spells                   Type           Power      Damage    Failure   Level
 Blink                    Tloc           14%        N/A       71%         2
 Gell's Gravitas          Tloc           7%         N/A       91%         3
 Lesser Beckoning         Tloc           7%         N/A       91%         3
 Teleport Other           Tloc           7%         N/A       91%         3
 Manifold Assault         Tloc           7%         N/A       100%        5

Inventory:

Hand Weapons
 c - a +0 mace
 Y - a +1 hand axe (weapon)
Armour
 a - a +0 scale mail
 h - a +0 ring mail (worn)
 j - a +0 pair of gloves (worn)
 m - a +0 kite shield (worn)
Scrolls
 d - 2 scrolls of silence {unknown}
Potions
 b - a potion of brilliance {unknown}
 f - a potion of invisibility {unknown}
 g - a potion of mutation {unknown}
 l - a potion of curing

Dungeon Overview and Level Annotations

Branches:
Dungeon (2/15)

Altars:

Annotations:
D:2 Robin


Message History

You closely miss the adder.
The goblin shouts!
You claw the adder! You peck the adder.
The adder is almost dead.
You completely miss the hobgoblin. You barely miss the goblin.
You feel sick.
You hear a shout!
You block the adder's attack.
The hobgoblin hits you but does no damage.
The adder completely misses you.
You closely miss the adder. You claw the adder, but do no damage.
The adder is severely wounded.
You completely miss the goblin. You hit the hobgoblin.
You kill the hobgoblin!
You closely miss the goblin.
You feel sick. The adder bites you but does no damage.
The goblin hits you but does no damage.
Robin roars a battlecry!
The goblins go into a battle-frenzy!
You block the goblin's attack.
You hit the adder.
You kill the adder!
You hit the goblin but do no damage. You hit the goblin.
You kill the goblin!
You feel sick. You block the goblin's attack.
Your Shields skill increases to level 1!
You hit the goblin.
You kill the goblin!
You feel sick.
You are no longer poisoned.
Robin throws the goblin at you!
The goblin hits you with a +1 dagger of freezing.
The goblin freezes you. The goblin barely misses you.
The goblin closely misses you. Robin throws the goblin at you!
You slash the goblin!
You kill the goblin!
You closely miss the goblin. x2
The goblin hits you with a +1 dagger of freezing.
The goblin freezes you.
You die...

#. #..#.....#. #.#
#..#........#.##..+
#..#........#..#..#
###...........#..#..#
#<#.##......#.##.#..#
#.#.........)....#..# #
#.###.......#....#..#$..#
#.# #.#####+#..)g.......#
#.###.####......@#.?....#
#.......##......)g......#
#........#......g##..####
#........#........ ..#
#........#.......g..g#
.........#........:.gJ
###.#..#.#......... .g.
#.##.#.#....#####.
#....#.#


You could see Robin, a hobgoblin (strong) and 2 goblins.

Vanquished Creatures
  An adder (D:2)
  A giant cockroach (D:1)
  8 goblins
  7 hobgoblins
  3 jackals (D:1)
  A kobold (D:1)
  4 ball pythons (D:1)
  6 bats
  A rat (D:1)
32 creatures vanquished.

Notes
Turn   | Place    | Note
-------+----------+-------------------------------------------
     0 | D:1      | qw the Tengu Warper began the quest for the Orb.
     0 | D:1      | Reached XP level 1. HP: 12/12 MP: 4/4
     0 | D:1      | 0 ||| qw: Version: 0.1-a-89-g26bdef1
     0 | D:1      | 0 ||| qw: Game counter: 915
     0 | D:1      | 0 ||| qw: Always use a shield: true
     0 | D:1      | 0 ||| qw: God list: Okawaru
     0 | D:1      | 0 ||| qw: Allow faded altars: false
     0 | D:1      | 0 ||| qw: Do Orc after D:15 true
     0 | D:1      | 0 ||| qw: Do second Lair branch before Depths: true
     0 | D:1      | 0 ||| qw: Lair rune preference: random
     0 | D:1      | 0 ||| qw: Plans: Normal
     0 | D:1      | 0 ||| PLANNING D:1-11
    99 | D:1      | 99 ||| Stepping ~*~*~tactically~*~*~ (stealth).
   100 | D:1      | 100 ||| Stepping ~*~*~tactically~*~*~ (stealth).
   111 | D:1      | Reached XP level 2. HP: 10/17 MP: 6/6
   115 | D:1      | Reached skill level 3 in Axes
   368 | D:1      | 368 ||| Stepping ~*~*~tactically~*~*~ (stealth).
   369 | D:1      | 369 ||| Stepping ~*~*~tactically~*~*~ (stealth).
   685 | D:1      | Reached XP level 3. HP: 18/21 MP: 7/7
   990 | D:1      | 990 ||| UPGRADING to +0 ring mail.
  1000 | D:1      | 1000 ||| DROPPING +0 leather armour.
  1001 | D:1      | 1001 ||| UPGRADING to +0 pair of gloves.
  1006 | D:1      | 1006 ||| UPGRADING to +0 kite shield.
  1011 | D:1      | 1011 ||| READING scroll labelled NEBRAOMIEB.
  1016 | D:1      | 1016 ||| READING scroll labelled XENIOT ZODOXIA.
  1017 | D:1      | 1017 ||| READING scroll labelled COYRUE UHIROB.
  1018 | D:1      | 1018 ||| DRINKING 2 metallic inky potions.
  1019 | D:1      | 1019 ||| DRINKING 2 bubbling yellow potions.
  1044 | D:1      | 1044 ||| DROPPING scroll of blinking.
  1045 | D:1      | 1045 ||| DROPPING potion of lignification.
  1095 | D:2      | 1095 ||| DROPPING +0 club.
  1097 | D:2      | 1097 ||| Stepping ~*~*~tactically~*~*~ (stealth).
  1101 | D:2      | 1101 ||| Stepping ~*~*~tactically~*~*~ (stealth).
  1103 | D:2      | 1103 ||| Stepping ~*~*~tactically~*~*~ (stealth).
  1104 | D:2      | 1104 ||| Stepping ~*~*~tactically~*~*~ (stealth).
  1106 | D:2      | 1106 ||| Stepping ~*~*~tactically~*~*~ (stealth).
  1107 | D:2      | 1107 ||| Stepping ~*~*~tactically~*~*~ (stealth).
  1110 | D:2      | Noticed Robin
  1116 | D:2      | Reached skill level 1 in Shields
  1116 | D:2      | HP: 5/21 [goblin/+1 dagger of freezing[Robin] (3)]
  1117 | D:2      | HP: 1/21 [goblin/+1 dagger of freezing[Robin] (3)]
  1117 | D:2      | Slain by a goblin

Levels and vault maps discovered:
D:1:      psy_arrival_conway, layout_basic, serial_corexii_hall,
          corexii_hall_statues_t, corexii_hall_statues_u,
          minmay_misc_feat_diagonals
D:2:      layout_basic, uniq_robin, uniq_jessica

Skill      XL: |  1  2  3 |
---------------+----------+-----
Axes           | 3 |  3.8
Shields        | 1 |  1.4
Fighting       | |  2.0
Throwing       | |  1.0
Armour         | |  1.1
Dodging        | |  2.1
Spellcasting   | |  2.0
Translocations | |  2.4

Action                   || total
-------------------------++-------
Melee: Hand axe          ||    48
       Kick              ||    14
       Peck              ||     7
Throw: Boomerang         ||     7
  Use: Scroll            ||     3
       Potion            ||     2
Armor: Leather armour    ||    12
       Ring mail         ||     7
Dodge: Dodged            ||    25
Block: Kite shield       ||     4

Table legend:
 A = Non-vault XP
 B = Vault XP
 C = Vault XP percentage of total XP
 D = Non-vault monster count
 E = Vault monster count
 F = Vault count percentage of total count
                 A         B        C        D         E       F
            +---------+---------+-------+---------+---------+-------
      Total |      56 |      12 |  17.6 |      26 |       6 |  18.8
            +---------+---------+-------+---------+---------+-------
        D:1 |      39 |       0 |   0.0 |      23 |       0 |   0.0
        D:2 |      17 |      12 |  41.4 |       3 |       6 |  66.7
            +---------+---------+-------+---------+---------+-------
